 Dungeon Crawl Stone Soup version 0.30.0-29-ga12c61a403 (webtiles) character file.

Game seed: 5600958342019937874

872 Peloso the Covered (level 7, -1/61 HPs)
             Began as a Minotaur Fighter on June 24, 2023.
             Succumbed to a killer bee's poison
             ... on level 4 of the Dungeon.
             The game lasted 00:09:59 (4814 turns).

Peloso the Covered (Minotaur Fighter)               Turns: 4814, Time: 00:10:00

Health: -1/61      AC: 10    Str: 21    XL:     7   Next: 74%
Magic:  6/6        EV:  8    Int:  5    God:
Gold:   202        SH:  5    Dex: 11    Spells: 6/6 levels left

rFire   . . .        a - +0 long sword
rCold   . . .        d - +0 buckler
rNeg    . . .        o - +0 chain mail
rPois   .            (helmet restricted)
rElec   .            (no cloak)
rCorr   .            (no gloves)
SInv    .            (no boots)
Will    .....        (no amulet) Stlth
                     (no ring)
HPRegen 0.30/turn    (no ring)
MPRegen 0.10/turn

%: no passive effects
@: lethally poisoned (-1 -> -14)
A: horns 2, retaliatory headbutt
a: no special abilities


You were on level 4 of the Dungeon.
You visited 2 branches of the dungeon, and saw 6 of its levels.
You also visited: Sewer.

You collected 202 gold pieces.

Inventory:

Hand Weapons
 a - a +0 long sword (weapon)
 b - a +2 trident of flaming
 c - a +2 hand axe of freezing
Armour
 d - a +0 buckler (worn)
 h - a +1 scale mail
 o - a +0 chain mail (worn)
Jewellery
 i - a ring of positive energy
 r - a ring of magical power
Scrolls
 g - a scroll of teleportation
 m - a scroll of enchant armour
Potions
 e - 2 potions of might
 f - 3 potions of haste
 j - a potion of brilliance
 k - a potion of resistance
 l - 2 potions of lignification
 n - a potion of flight
 p - a potion of cancellation
 q - a potion of heal wounds


   Skills:
 + Level 5.4 Fighting
 + Level 6.2 Long Blades
 + Level 6.8 Armour
 + Level 2.1 Dodging
 + Level 0.4 Stealth
 + Level 5.6 Shields


You had 6 spell levels left.
You didn't know any spells.
Your spell library contained the following spells:

 Spells                   Type           Power      Damage    Failure   Level
 Volatile Blastmotes      Fire/Tloc      0%         2d10      100%        3
 Fulminant Prism          Conj/Hex       0%         3d5       100%        4
 Iskenderun's Mystic Bla  Conj/Tloc      0%         2d3       100%        4
 Lee's Rapid Deconstruct  Erth           0%         3d4*      100%        5


Dungeon Overview and Level Annotations

Branches:
Dungeon (5/15)             Temple (1/1) D:5           Sewer (visited)

Altars:
Ashenzari
Cheibriados
Dithmenos
Fedhas
Gozag
Hepliaklqana
Kikubaaqudgha
Makhleb
Nemelex Xobeh
Ru
Trog
Vehumet
Xom
Zin
The Shining One

Shops:
D:3 [

Annotations:
D:4 Pikel


Innate Abilities, Weirdness & Mutations

You have a pair of horns on your head.
You reflexively headbutt those who attack you in melee.


Message History

The killer bee stings you.
* * * LOW HITPOINT WARNING * * *
You are more poisoned.
The killer bee poisons you!
It was a potion of cancellation.
Your magical effects are unravelling.
You feel magically purged.
You feel yourself slow down.
* * * LOW HITPOINT WARNING * * *
You feel sick. The killer bee barely misses you.
It was a potion of heal wounds.
You feel much better.
You feel sick.
The killer bee stings you but does no damage.
The killer bee barely misses you.
You barely miss the killer bee.
The killer bee is heavily wounded.
You feel sick. You block the killer bee's attack.
The killer bee barely misses you. You furiously retaliate!
You headbutt the killer bee!
You kill the killer bee!
You closely miss the killer bee. Your headbutt misses the killer bee.
You feel sick. The killer bee closely misses you. The killer bee stings you.
* * * LOW HITPOINT WARNING * * *
You are more poisoned.
The killer bee poisons you!
Unknown command.
You barely miss the killer bee.
You feel very sick. The killer bee barely misses you.
The killer bee stings you.
* * * LOW HITPOINT WARNING * * *
Unknown command.
You closely miss the killer bee.
* * * LOW HITPOINT WARNING * * *
You feel sick. The killer bee stings you.
* * * LOW HITPOINT WARNING * * *
You are more poisoned.
The killer bee poisons you!
The killer bee stings you but does no damage.
You hit the killer bee. Your headbutt misses the killer bee.
The killer bee is lightly wounded.
You die...

########..#
......#...#
......+...#
#.....#...#
#.....##..########
#.....##..##.....#
.......#>........#
.......'.........#
#
#..#############@#
.# ####.....
#y##..## ...5
+yy....# ...
#......# ...
#......# ####5.
#...####
....###### #####
..5......#
.5.......#


You could see 3 killer bees.

Vanquished Creatures
  A water moccasin (D:5)
  An ice beast (D:4)
  A lemure (D:5)
  2 kobold brigands (Sewer)
  3 killer bees (D:4)
  2 hounds (D:5)
  A jelly (D:4)
  Terence (D:2)
  An orc wizard (D:3)
  Natasha (thrice) (D:2)
  5 river rats (Sewer)
  6 adders
  2 orcs (D:3)
  6 bats
  3 endoplasms
  5 giant cockroaches
  5 hobgoblins
  21 kobolds
  2 quokkas (D:2)
  6 ball pythons
  8 frilled lizards
  5 goblins
  26 rats
116 creatures vanquished.

Notes
Turn   | Place    | Note
-------+----------+-------------------------------------------
     0 | D:1      | Peloso the Minotaur Fighter began the quest for the Orb.
     0 | D:1      | Reached XP level 1. HP: 19/19 MP: 0/0
   483 | D:1      | Reached XP level 2. HP: 18/27 MP: 1/1
   812 | D:2      | Noticed Terence
   816 | D:2      | Killed Terence
   817 | D:2      | Reached XP level 3. HP: 22/33 MP: 2/2
   987 | D:2      | Noticed Natasha
   997 | D:2      | Killed Natasha
   998 | D:2      | Reached XP level 4. HP: 19/40 MP: 3/3
  1392 | D:2      | Noticed Natasha
  1400 | D:2      | Killed Natasha
  1722 | D:2      | Noticed Natasha
  1728 | D:2      | Killed Natasha
  1961 | D:3      | Reached XP level 5. HP: 47/47 MP: 4/4
  2032 | D:3      | Found Ehouxka's Antique Armour Emporium.
  2212 | D:3      | Reached skill level 1 in Dodging
  2231 | D:3      | Reached skill level 5 in Armour
  3134 | D:4      | Noticed an ogre
  3238 | D:4      | Noticed Pikel
  3238 | D:4      | Noticed a lemure
  3238 | D:4      | Noticed a lemure
  3238 | D:4      | Noticed a lemure
  3238 | D:4      | Noticed a lemure
  3246 | D:5      | Entered Level 5 of the Dungeon
  3252 | D:5      | Killed a lemure
  3253 | D:5      | Found a staircase to the Ecumenical Temple.
  3263 | D:5      | HP: 1/47 [hound (3)]
  3265 | D:5      | Reached XP level 6. HP: 1/53 MP: 5/5
  3456 | D:5      | Found a glowing drain.
  3480 | Sewer    | Entered a sewer
  3641 | Sewer    | Reached skill level 5 in Shields
  3799 | Sewer    | Reached skill level 5 in Long Blades
  3811 | Sewer    | Reached skill level 5 in Fighting
  4021 | Sewer    | Reached XP level 7. HP: 50/61 MP: 6/6
  4518 | Temple   | Entered the Ecumenical Temple
  4807 | D:4      | HP: 3/61 [killer bee (5)]
  4808 | D:4      | HP: 1/61 [poisoned by a killer bee]
  4813 | D:4      | HP: 1/61 [killer bee (5)]
  4814 | D:4      | Succumbed to a killer bee's poison

Illustrated notes

Levels and vault maps discovered:
D:1:      erik_arrival_blinker_ship, layout_basic, nicolae_figureground_sparkle
D:2:      layout_basic, ebering_dispersal_statue_hall, minmay_lizard_king,
          uniq_natasha, uniq_terence
D:3:      layout_basic, serial_shops, shop
D:4:      layout_gridville, kennysheep_little_box, uniq_grinder, uniq_pikel
D:5:      layout_loops_cross, minmay_temple_entry_junction,
          portal_sewer_entry_c, hangedman_decor_push, minmay_gold_behind_fungi,
          goddamned_bats
Temple:   regret_index_temple_waves

Skill      XL: |  1  2  3  4  5  6  7 |
---------------+----------------------+-----
Fighting       | 4 5 |  5.4
Shields        | 4 5 |  5.6
Armour         | 4 5 6 |  6.8
Long Blades    | 3 4 5 6 |  6.2
Dodging        | 1 2 |  2.1
Stealth        | |  0.4

Action                     |  1- 3 |  4- 6 |  7- 9 || total
---------------------------+-------+-------+-------++-------
  Melee: Long sword        |    45 |   199 |    64 ||   308
         Headbutt          |     6 |    25 |     9 ||    40
    Use: Scroll            |     3 |     6 |       ||     9
         Potion            |     2 |     3 |     3 ||     8
 Armour: Scale mail        |    24 |    94 |       ||   118
         Chain mail        |       |    13 |    36 ||    49
  Dodge: Dodged            |    26 |   144 |    21 ||   191
  Block: Buckler           |    18 |    64 |    14 ||    96
